 Dungeon Crawl Stone Soup version 0.31.0-32-g396128a36d (webtiles) character file.

Game seed: 10111752615516282642

1166 monsoonserge the Slicer (level 8, -2/48 HPs)
             Began as a Kobold Brigand on Mar 26, 2024.
             Was an Initiate of Dithmenos.
             Slain by Duvessa
             ... wielding a +0 short sword
              (9 damage)
             ... on level 5 of the Dungeon.
             The game lasted 00:11:45 (4180 turns).

monsoonserge the Slicer (Kobold Brigand)            Turns: 4180, Time: 00:11:45

Health: -2/48      AC:  6    Str:  8    XL:     8   Next: 67%
Magic:  8/8        EV: 17    Int: 13    God:    Dithmenos [......]
Gold:   191        SH:  0    Dex: 18    Spells: 7/7 levels left

rFire   . . .        x - +2 dagger (chaos)
rCold   . . .        (no shield)
rNeg    + . .        n - +2 robe {rN+}
rPois   .            (no helmet)
rElec   .            c - +0 cloak
rCorr   .            o - +0 pair of gloves
SInv    .            (no boots)
Will    .....        h - amulet of magic regeneration
Stlth   ++           (no ring)
HPRegen 0.28/turn    (no ring)
MPRegen 0.51/turn

%: no passive effects
@: lit by a corona, glowing
A: small, no large weapons, nightstalker 3
a: Renounce Religion


You were on level 5 of the Dungeon.
You worshipped Dithmenos.
Dithmenos was noncommittal.
You visited 2 branches of the dungeon, and saw 6 of its levels.

You collected 191 gold pieces.

Inventory:

Hand Weapons
 a - a +2 dagger
 b - a +1 dagger of venom
 x - a +2 dagger of chaos (weapon)
Missiles
 d - 8 poisoned darts (quivered)
 e - 3 curare-tipped darts
 w - a throwing net
Armour
 c - a +0 cloak (worn)
 n - a +2 robe of positive energy (worn)
 o - a +0 pair of gloves (worn)
Jewellery
 h - an amulet of magic regeneration (around neck)
 i - a ring of wizardry
Wands
 m - a wand of quicksilver (13)
Scrolls
 g - a scroll of fear {unknown}
 j - a scroll of identify {unknown}
 l - 3 scrolls of vulnerability {unknown}
 p - a scroll of immolation {unknown}
 q - a scroll of amnesia {unknown}
 r - a scroll of acquirement {unknown}
 u - a scroll of noise {unknown}
 v - 2 scrolls of blinking {unknown}
Potions
 f - 3 potions of curing {unknown}
 k - 2 potions of heal wounds {unknown}
 s - a potion of enlightenment {unknown}
 t - a potion of lignification {unknown}


   Skills:
 + Level 4.6 Fighting
 + Level 9.1 Short Blades
 + Level 3.3 Throwing
 - Level 2.0 Armour
 + Level 4.5 Dodging
 + Level 6.6 Stealth


You had 7 spell levels left.
You didn't know any spells.
Your spell library contained the following spells:

 Spells                   Type           Power      Damage    Failure   Level
 Ensorcelled Hibernation  Hex/Ice        0%         N/A       43%         2
 Fugue of the Fallen      Necr           0%         N/A       67%         3
 Passwall                 Erth           0%         N/A       67%         3
 Swiftness                Air            0%         N/A       67%         3
 Anguish                  Hex/Necr       0%         N/A       97%         4


Dungeon Overview and Level Annotations

Branches:
Dungeon (5/15)             Temple (1/1) D:4

Altars:
Dithmenos
Fedhas
Hepliaklqana
Kikubaaqudgha
Makhleb
Nemelex Xobeh
Okawaru
Qazlal
Ru
Sif Muna
Trog
Vehumet
Wu Jian
Xom
Yredelemnul

Shops:
D:3 [

Annotations:
D:3 3 runed translucent doors
D:5 Duvessa


Innate Abilities, Weirdness & Mutations

You are small and have problems with some larger weapons.
You are completely attuned to the shadows.


Message History

You hit Duvessa.
Duvessa seems to speed up.
Duvessa is heavily wounded.
Duvessa misses you.
You hit Duvessa but do no damage.
Duvessa is heavily wounded.
Duvessa hits you with a +0 short sword.
You hit Duvessa but do no damage.
Duvessa is poisoned.
Duvessa is heavily wounded.
You hit Duvessa but do no damage.
Duvessa is heavily wounded.
The sentinel's mark upon you fades away.
Duvessa closely misses you.
You hit Duvessa. You burn Duvessa.
Duvessa is severely wounded.
Duvessa completely misses you.
You hit Duvessa. You freeze Duvessa.
Duvessa is severely wounded.
Duvessa hits you with a +0 short sword!
You hit Duvessa but do no damage.
Duvessa is severely wounded.
Duvessa misses you.
You barely miss Duvessa.
Duvessa is severely wounded.
You closely miss Duvessa.
Duvessa is severely wounded.
Duvessa hits you with a +0 short sword.
You barely miss Duvessa.
Duvessa is severely wounded.
Duvessa hits you but does no damage.
You hit Duvessa.
You feel better.
Duvessa is severely wounded.
Duvessa misses you.
You completely miss Duvessa.
Duvessa is severely wounded.
Duvessa hits you with a +0 short sword!
* * * LOW HITPOINT WARNING * * *
You hit Duvessa.
You feel better.
Duvessa is severely wounded.
Duvessa hits you with a +0 short sword!
You die...

#. .# #.
.# ##.##
.#
.#...##.#
....we@.#
.#...####
##...#
###.#
####.#
.....#
####.#
#.# #.#


You could see Duvessa (berserk, fast, poisoned, drained) and a ribbon worm.

Vanquished Creatures
  Grinder (D:4)
  Sigmund (D:3)
  Eustachio (D:4)
  A centaur (D:3)
  A phantom (D:4)
  A bullfrog (D:5)
  Dowan (D:5)
  3 crimson imps (D:4)
  3 bombardier beetles
  Crazy Yiuf (D:4)
  Jessica (D:2)
  An iguana (D:4)
  4 adders
  2 ufetubi (D:5)
  A dart slug (D:3)
  3 ribbon worms
  2 orcs
  7 ball pythons
  7 endoplasms
  6 giant cockroaches
  4 goblins
  3 hobgoblins
  2 jackals (D:2)
  9 kobolds
  7 quokkas
  5 bats
  2 frilled lizards
  6 rats
86 creatures vanquished.

Notes
Turn   | Place    | Note
-------+----------+-------------------------------------------
     0 | D:1      | monsoonserge the Kobold Brigand began the quest for the
                  | Orb.
     0 | D:1      | Reached XP level 1. HP: 12/12 MP: 1/1
   112 | D:1      | Reached XP level 2. HP: 18/18 MP: 2/2
   166 | D:1      | Found a faded altar of an unknown god.
   490 | D:1      | Reached skill level 3 in Short Blades
   490 | D:1      | Reached XP level 3. HP: 22/22 MP: 3/3
  1348 | D:2      | Reached XP level 4. HP: 4/27 MP: 4/4
  1633 | D:2      | Noticed Jessica
  1646 | D:2      | Killed Jessica
  1647 | D:2      | Reached skill level 4 in Short Blades
  1832 | D:3      | Noticed a centaur
  1837 | D:3      | Killed a centaur
  1838 | D:3      | Reached skill level 5 in Short Blades
  1838 | D:3      | Reached skill level 1 in Armour
  1838 | D:3      | Reached XP level 5. HP: 32/32 MP: 5/5
  1848 | D:3      | Found a runed translucent gate.
  1848 | D:3      | Found a runed translucent gate.
  1848 | D:3      | Found a runed translucent gate.
  1972 | D:3      | Noticed Sigmund
  1976 | D:3      | Killed Sigmund
  1977 | D:3      | Reached skill level 6 in Short Blades
  1977 | D:3      | Reached XP level 6. HP: 37/37 MP: 6/6
  2011 | D:3      | Found Xesmil Jyit's Antique Armour Shop.
  2038 | D:3      | Found a sacrificial altar of Ru.
  2045 | D:3      | Became a worshipper of Ru the Awakened
  2110 | D:3      | Identified the +0 robe of Dishonesty {Str+4}
  2574 | D:3      | Found a burning altar of Makhleb.
  3023 | D:4      | Reached XP level 7. HP: 41/41 MP: 7/7
  3025 | D:4      | Found a shimmering altar of Xom.
  3069 | D:4      | Noticed Grinder
  3082 | D:4      | Paralysed by Grinder for 5 turns
  3099 | D:4      | Killed Grinder
  3100 | D:4      | Reached skill level 7 in Short Blades
  3359 | D:4      | Found a runed translucent door.
  3362 | D:4      | Noticed Crazy Yiuf
  3369 | D:4      | Killed Crazy Yiuf
  3370 | D:4      | Reached XP level 8. HP: 48/48 MP: 8/8
  3520 | D:4      | Found a staircase to the Ecumenical Temple.
  3530 | D:4      | Reached skill level 8 in Short Blades
  3572 | Temple   | Entered the Ecumenical Temple
  3597 | Temple   | Fell from the grace of Ru
  3597 | Temple   | Became a worshipper of Dithmenos the Shadowed
  3700 | D:4      | Noticed Eustachio
  3704 | D:4      | Killed Eustachio
  3902 | D:4      | Found an iron altar of Okawaru.
  3905 | D:4      | Found a stormy altar of Qazlal.
  3907 | D:4      | Found a blossoming altar of Fedhas.
  4071 | D:5      | Entered Level 5 of the Dungeon
  4136 | D:5      | Noticed Duvessa
  4139 | D:5      | Noticed Dowan
  4142 | D:5      | Reached skill level 9 in Short Blades
  4166 | D:5      | Killed Dowan
  4180 | D:5      | Slain by Duvessa

Illustrated notes

Levels and vault maps discovered:
D:1:      dpeg_arrival_court, layout_loops_ring,
          dreamdust_ecumenical_altar_statues
D:2:      layout_loops_ring, uniq_jessica
D:3:      layout_loops_corners, lightli_temple_of_fire,
          mainiacjoe_overflow_six_doors_small, ebering_ghost_rock_garden,
          serial_shops, shop, uniq_sigmund
D:4:      layout_basic, led_xom_imps, minitemple, minmay_temple_entry_glass,
          uniq_crazy_yiuf_cottage, uniq_grinder, uniq_eustachio
D:5:      layout_loops_ring, cheibrodos_ashenzari_chains, chequers_mini_garden,
          uniq_pikel, uniq_duvessa
Temple:   jpeg_temple_island

Skill      XL: |  1  2  3  4  5  6  7  8 |
---------------+-------------------------+-----
Stealth        | 6 |  6.6
Short Blades   | 3 5 6 7 9 |  9.1
Fighting       | 3 4 |  4.6
Armour         | 1 2 |  2.0
Dodging        | 2 3 4 |  4.5
Throwing       | 3 |  3.3

Action                     |  1- 3 |  4- 6 |  7- 9 || total
---------------------------+-------+-------+-------++-------
  Melee: Dagger            |    90 |    42 |   147 ||   279
         Punch             |       |     1 |     4 ||     5
  Throw: Dart              |       |     3 |     9 ||    12
   Stab: Sleeping          |    22 |    16 |     9 ||    47
         Distracted        |       |       |     1 ||     1
 Armour: Leather armour    |    29 |       |       ||    29
         Scale mail        |       |     2 |       ||     2
         Robe              |       |     3 |    44 ||    47
  Dodge: Dodged            |    38 |    16 |    74 ||   128
